 Dungeon Crawl Stone Soup version 0.29.1-1-gd02db6906a (webtiles) character file.

Game seed: 8153611447453922885

17995 Ashen the Frost Mage (level 12, -6/89 HPs)
             Began as a Demonspawn Ice Elementalist on Oct 3, 2022.
             Was a High Priest of Vehumet.
             Shot with a bolt by an orc warrior (23 damage)
             ... on level 2 of the Orcish Mines.
             The game lasted 00:54:28 (19447 turns).

Ashen the Frost Mage (Demonspawn Ice Elementalist) Turns: 19447, Time: 00:54:28

Health: -6/89      AC:  4    Str:  9    XL:     12   Next: 23%
Magic:  6/25       EV: 18    Int: 22    God:    Vehumet [*****.]
Gold:   927        SH:  0    Dex: 13    Spells: 11/29 levels left

rFire   + . .      SeeInvis .   n - +2 short sword (venom)
rCold   . . .      Faith    +   (no shield)
rNeg    . . .      Spirit   .   L - +1 robe of the Unseen Realm {Will+ rCorr}
rPois   .          Reflect  .   E - +0 helmet
rElec   .          Harm     .   (no cloak)
rCorr   +          Rampage  .   (no gloves)
Will    +....                   (no boots)
Stlth   +++.......              F - amulet of faith
HPRegen 0.24/turn               D - +4 ring of evasion
MPRegen 0.19/turn               c - ring of protection from fire

@: mighty, studying Axes
A: foul stench 1, powered by pain 3, demonic touch 2
a: Renounce Religion


You were on level 2 of the Orcish Mines.
You worshipped Vehumet.
Vehumet was extremely pleased with you.
You visited 3 branches of the dungeon, and saw 15 of its levels.
You also visited: Bailey.

You collected 1764 gold pieces.
You spent 837 gold pieces at shops.

Inventory:

Hand Weapons
 a - a +2 whip of electrocution
 n - a +2 short sword of venom (weapon)
 r - the +9 dagger "Deuleqav" {spect, rPois rN+ Will- rCorr}
   (You found it on level 3 of the Dungeon)

   When its wielder attacks, the weapon's spirit leaps out and strikes again.
   The spirit shares a part of any damage it takes with its wielder.
   rPois:     It protects you from poison.
   rN:        It protects you from negative energy.
   rCorr:     It protects you from acid and corrosion.
   Will:      It decreases your willpower.
 H - a +1 short sword of electrocution
 N - a +4 halberd of venom
Missiles
 d - 3 throwing nets
Armour
 E - a +0 helmet (worn)
 L - the +1 robe of the Unseen Realm (worn) {Will+ rCorr}
   (You found it on level 10 of the Dungeon)

   rCorr:     It protects you from acid and corrosion.
   Will:      It increases your willpower.
Magical Staves
 v - a staff of conjuration
Jewellery
 c - a ring of protection from fire (right hand)
 q - a ring of poison resistance
 D - a +4 ring of evasion (left hand)
 F - an amulet of faith (around neck)
 J - a ring of flight
Wands
 x - a wand of acid (21)
 A - a wand of digging (6)
Scrolls
 e - 6 scrolls of teleportation
 f - a scroll of enchant weapon
 g - 3 scrolls of poison
 h - 3 scrolls of fog
 j - 4 scrolls of noise
 k - 2 scrolls of blinking
 s - a scroll of amnesia
 t - 2 scrolls of torment {unknown}
 y - 2 scrolls of enchant armour {unknown}
 B - 4 scrolls of fear
 G - a scroll of magic mapping
 I - a scroll of acquirement {unknown}
 R - a scroll of vulnerability
Potions
 b - 3 potions of magic
 i - a potion of attraction
 l - 6 potions of curing
 m - 5 potions of resistance
 o - 4 potions of brilliance
 p - a potion of experience
 u - 5 potions of might
 w - 2 potions of lignification
 z - 3 potions of invisibility
 C - a potion of cancellation
 K - a potion of berserk rage
 M - 3 potions of haste
 O - a potion of heal wounds
 P - a potion of mutation
 Q - a potion of flight


   Skills:
 + Level 6.8 Fighting
 + Level 6.8 Dodging
 - Level 5.0 Stealth
 * Level 9.4 Spellcasting
 * Level 9.0 Conjurations
 + Level 3.7 Translocations
 * Level 9.9 Ice Magic


You had 11 spell levels left.
You knew the following spells:

 Your Spells              Type           Power      Damage    Failure   Level
a - Freeze                Ice            100%       1d11      1%          1
b - Frozen Ramparts       Ice            100%       1d16      1%          3
c - Ozocubu's Armour      Ice            52%        N/A       1%          3
d - Hailstorm             Conj/Ice       51%        3d11      1%          4
e - Teleport Other        Tloc           26%        N/A       4%          3
f - Iskenderun's Mystic   Conj/Tloc      38%        2d9       1%          4

Your spell library contained the following spells:

 Spells                   Type           Power      Damage    Failure   Level
 Eringya's Noxious Bog    Tmut/Pois      5%         N/A       90%         6
 Ensorcelled Hibernation  Hex/Ice        64%        N/A       1%          2
 Gell's Gravitas          Tloc           26%        N/A       4%          3
 Lesser Beckoning         Tloc           26%        N/A       4%          3
 Inner Flame              Hex/Fire       10%        N/A       5%          3
 Conjure Ball Lightning   Conj/Air       15%        3x3d6     36%         6
 Iron Shot                Conj/Erth      15%        9d4       36%         6
 Animate Armour           Summ/Erth      20%        N/A       54%         4
 Cause Fear               Hex            5%         N/A       54%         4
 Simulacrum               Ice/Necr       16%        N/A       78%         6
 Blade Hands              Tmut           5%         N/A       87%         5
 Silence                  Hex/Air        5%         N/A       87%         5
 Discord                  Hex            5%         N/A       100%        8


Dungeon Overview and Level Annotations

Branches:
Dungeon (12/15)            Temple (1/1) D:6            Lair (0/5) D:8
    Orc (2/2) D:12            Elf (0/3) Orc:2        Bailey (visited)

Altars:
Ashenzari
Cheibriados
Dithmenos
Fedhas
Gozag
Hepliaklqana
Kikubaaqudgha
Makhleb
Nemelex Xobeh
Okawaru
Qazlal
Ru
Sif Muna
Trog
Uskayaw
Vehumet
Wu Jian
Xom
Yredelemnul

Shops:
Orc:2 ?!

Annotations:
D:3 1 runed translucent door, Crazy Yiuf
D:4 1 runed translucent door, Bqawayeah's ghost, amateur DEEn
D:5 exclusion: statue
D:6 Maggie
D:8 2 transporters, 3 runed translucent doors
D:11 Erolcha
D:12 exclusion: ugly thing


Innate Abilities, Weirdness & Mutations

You may rarely emit foul miasma when damaged in melee.
You are powered by pain.
Your touch may inflict irresistible damage on your foes.


Message History

The ice devil is moderately wounded.
The orc warrior shoots a bolt.
The bolt completely misses you.
Your Conjurations skill increases to level 9!
Casting: Hailstorm (safe; 1% risk of failure)
Confirm with . or Enter, or press ? or * to list all spells.
Casting: Hailstorm (safe; 1% risk of failure)
Press: ? - help, Dir - look around, f - activate A cannonade of hail descends around you!
The hail pelts the ice devil!
The ice devil partially resists.
The ice devil is severely wounded.
The hail pelts the orc priest!!
You kill the orc priest!
Vehumet accepts your kill.
You feel your power returning.
The ice devil completely resists.
The wall freezes the ice devil but does no damage.
The orc warrior shoots a bolt.
The bolt hits you!
* * * LOW HITPOINT WARNING * * *
You hear a shout!
Casting: Hailstorm (safe; 1% risk of failure)
Confirm with . or Enter, or press ? or * to list all spells.
You erupt in a blast of force!
The mystic blast hits the ice devil!
The ice devil is almost dead.
The ice devil is knocked back by the mystic blast.
The frozen ramparts melt away.
You hear a shout! x3
The orc warrior shoots a bolt.
The bolt barely misses you.
The orc warrior shoots a bolt.
The bolt misses you.
The orc warrior shoots a bolt.
The bolt hits you!
* * * LOW HITPOINT WARNING * * *
You focus on the pain.
You feel very mighty all of a sudden.
The orc warrior shoots a bolt.
The bolt completely misses you.
Things that are here:
a +0 hand axe of draining; a +0 leather armour
Things that are here:
a +0 club; an orc skeleton
Things that are here:
a +0 glaive; a +0 plate armour The orc warrior shoots a bolt.
The bolt hits you!!
You die...

..........###.....#
##....#
.........#####....##
### ##....
........###.###....##
##.## ##..#
.......###∩.∩###....#
#...###[.<.
......###.....####.##
##...#.[[[.
....###..#.#..#####
##..##)#[.
.###.........##
##....[.).
##...#.#.#...##
#...<.....
##........)).@.##
##....##..
##..#.#..o.)#.#..##
##....#..
##..##....#)..)##..##
##.##...
##))###...###.))###))##
##...##.. #.)###...##
##...###))###...####.
..###...##
##)).###))###.## ##
.###...##
##...###....#######
###..o##
#...###....##.##.
##.#.##
#.#.###..[....#.


You could see an orc warrior.

Vanquished Creatures
  A hydra (D:12)
  2 orc high priests (Orc:2)
  A sixfirhy (Orc:2)
  Pikel (D:6)
  2 orc sorcerers (Orc:2)
  An orc knight (Orc:1)
  An ugly thing (D:7)
  An unseen horror (D:11)
  2 komodo dragons
  2 kobold demonologists (D:10)
  4 trolls
  A red devil (Orc:2)
  A shadow (D:9)
  A wyvern (D:10)
  4 yaks
  A wraith (D:11)
  2 steam dragons
  A warg (Orc:2)
  4 water moccasins
  37 orc warriors
  2 ice beasts (D:7)
  A sky beast (D:8)
  3 black bears
  5 ogres
  5 centaurs
  3 phantoms
  A lemure (D:6)
  11 kobold brigands
  3 bullfrogs
  Blork the orc (D:6)
  A necrophage (D:7)
  3 scorpions
  2 gnoll sergeants
  3 wights (D:8)
  15 killer bees
  3 electric eels (D:10)
  2 howler monkeys
  2 hounds (D:6)
  2 jellies (D:6)
  26 orc priests
  A gnoll bouda (D:7)
  An iguana (D:5)
  Natasha (thrice) (D:3)
  15 orc wizards
  22 gnolls
  12 adders
  A shadow imp (D:6)
  A white imp (D:7)
  An ufetubus (D:5)
  A worm (D:4)
  2 dart slugs (D:2)
  85 orcs
  5 ball pythons
  2 bats
  3 endoplasms
  4 giant cockroaches
  10 goblins
  9 hobgoblins
  4 quokkas
  A frilled lizard (D:1)
  39 kobolds
  2 bushes (D:1)
388 creatures vanquished.

Vanquished Creatures (others)
  A steam dragon (D:8)
  13 fungi
  4 toadstools (D:6)
18 creatures vanquished.

Grand Total: 406 creatures vanquished

Notes
Turn   | Place    | Note
-------+----------+-------------------------------------------
     0 | D:1      | Ashen the Demonspawn Ice Elementalist began the quest for
                  | the Orb.
     0 | D:1      | Reached XP level 1. HP: 13/13 MP: 3/3
   278 | D:1      | Gained mutation: Your touch may inflict minor irresistible
                  | damage on your foes. [demonic ancestry]
   278 | D:1      | Reached XP level 2. HP: 7/19 MP: 0/5
  1351 | D:2      | Reached XP level 3. HP: 17/24 MP: 1/6
  2316 | D:3      | Gained mutation: You sometimes gain a little power by
                  | taking damage. [demonic ancestry]
  2316 | D:3      | Reached XP level 4. HP: 30/31 MP: 4/7
  2555 | D:3      | Noticed Natasha
  2577 | D:2      | Learned a level 3 spell: Frozen Ramparts
  2581 | D:2      | Learned a level 3 spell: Ozocubu's Armour
  2586 | D:3      | Killed Natasha
  3086 | D:3      | Found a runed translucent door.
  3087 | D:3      | Noticed Crazy Yiuf
  3160 | D:3      | Identified the +9 dagger "Deuleqav" {spect, rPois rN+ Will-
                  | rCorr}
  3185 | D:3      | Reached skill level 1 in Fighting
  3197 | D:3      | Noticed Natasha
  3202 | D:3      | Killed Natasha
  3203 | D:3      | Reached XP level 5. HP: 28/37 MP: 6/9
  3497 | D:3      | Noticed Natasha
  3700 | D:3      | Killed Natasha
  4639 | D:4      | Found a shadowy altar of Dithmenos.
  4672 | D:4      | Found a burning altar of Makhleb.
  4684 | D:4      | Got the Grimoire of the Several Nightmares
  4743 | D:4      | Noticed a phantom
  4791 | D:3      | Killed a phantom
  4792 | D:3      | Reached XP level 6. HP: 28/43 MP: 6/11
  5091 | D:4      | Found a runed translucent door.
  5091 | D:4      | Noticed Bqawayeah's ghost (amateur DEEn)
  5559 | D:5      | Entered Level 5 of the Dungeon
  5855 | D:5      | Noticed a water moccasin
  5863 | D:5      | Killed a water moccasin
  5864 | D:5      | Reached skill level 5 in Ice Magic
  6005 | D:5      | Found an ornate altar of the Wu Jian Council.
  6005 | D:5      | Found a basalt altar of Yredelemnul.
  6039 | D:5      | Noticed a water moccasin
  6045 | D:5      | Killed a water moccasin
  6046 | D:5      | Reached XP level 7. HP: 37/50 MP: 6/13
  6156 | D:5      | Found a radiant altar of Vehumet.
  6163 | D:5      | Learned a level 4 spell: Hailstorm
  6169 | D:5      | Became a worshipper of Vehumet
  6255 | D:5      | Reached skill level 1 in Conjurations
  6896 | D:6      | Noticed Pikel
  7007 | D:6      | Gained mutation: You sometimes gain power by taking damage.
                  | [demonic ancestry]
  7007 | D:6      | Reached XP level 8. HP: 44/57 MP: 15/15
  7236 | D:6      | Reached skill level 5 in Spellcasting
  7339 | D:6      | Found a staircase to the Ecumenical Temple.
  7362 | Temple   | Entered the Ecumenical Temple
  7572 | D:6      | Found a hazy altar of Hepliaklqana.
  7772 | D:6      | Noticed Maggie
  8088 | D:6      | Noticed Blork the orc
  8096 | D:6      | Killed Blork the orc
  8301 | D:6      | Reached * piety under Vehumet
  8301 | D:6      | Offered knowledge of Foxfire by Vehumet.
  8307 | D:6      | Gained mutation: You are powered by pain. [demonic
                  | ancestry]
  8307 | D:6      | Reached XP level 9. HP: 64/64 MP: 11/17
  8322 | D:6      | Killed Pikel
  8788 | D:7      | Reached skill level 5 in Stealth
  8850 | D:7      | Offered knowledge of Poisonous Vapours by Vehumet.
  8857 | D:7      | Reached skill level 5 in Conjurations
  9652 | D:7      | Reached ** piety under Vehumet
  9833 | D:7      | Noticed a white ugly thing
 10168 | D:7      | Reached skill level 5 in Dodging
 10375 | D:7      | Killed a white ugly thing
 10376 | D:7      | Gained mutation: Your touch may inflict irresistible damage
                  | on your foes. [demonic ancestry]
 10376 | D:7      | Reached XP level 10. HP: 73/73 MP: 16/20
 10441 | D:8      | Found a transporter.
 10723 | D:8      | Found a transporter.
 10750 | D:8      | Found a transporter.
 10780 | D:8      | Found a transporter.
 10918 | D:8      | Found a runed translucent gate.
 10919 | D:8      | Found a staircase to the Lair.
 11502 | D:8      | Noticed a purple ugly thing
 11503 | D:8      | Found a runed translucent gate.
 11503 | D:8      | Noticed a white ugly thing
 11504 | D:8      | Found a runed translucent gate.
 11504 | D:8      | Noticed a white ugly thing
 11504 | D:8      | Noticed a glowing orange brain
 11929 | D:9      | Noticed a two-headed ogre
 12061 | D:9      | Found a flagged portal.
 12071 | Bailey   | Entered a bailey
 12076 | Bailey   | Noticed an orc warlord
 12105 | Bailey   | Offered knowledge of Ignite Poison by Vehumet.
 12142 | Bailey   | Reached *** piety under Vehumet
 12143 | Bailey   | Reached skill level 5 in Fighting
 12253 | Bailey   | Found a runed translucent gate.
 12256 | Bailey   | Found a runed translucent gate.
 12258 | Bailey   | Found a runed translucent gate.
 12402 | Bailey   | Learned a level 3 spell: Teleport Other
 12707 | D:9      | Offered knowledge of Iskenderun's Mystic Blast by Vehumet.
 12713 | D:9      | Learned a level 4 spell: Iskenderun's Mystic Blast
 13509 | D:9      | Reached skill level 1 in Translocations
 13683 | D:9      | Reached **** piety under Vehumet
 14245 | D:10     | Entered Level 10 of the Dungeon
 14403 | D:10     | Offered knowledge of Conjure Flame by Vehumet.
 14493 | D:10     | Gained mutation: You may rarely emit foul miasma when
                  | damaged in melee. [demonic ancestry]
 14493 | D:10     | Reached XP level 11. HP: 55/80 MP: 7/23
 15094 | D:10     | Found a sacrificial altar of Ru.
 15098 | D:10     | Identified the +1 robe of the Unseen Realm {Will+ rCorr}
 16134 | D:11     | Noticed Erolcha
 16142 | D:12     | Noticed an eight-headed hydra
 16161 | D:12     | Killed an eight-headed hydra
 16462 | D:12     | Noticed a purple ugly thing
 16485 | D:12     | Found a staircase to the Orcish Mines.
 16654 | Orc:1    | Entered Level 1 of the Orcish Mines
 16666 | Orc:1    | Reached ***** piety under Vehumet
 16673 | Orc:1    | Offered knowledge of Eringya's Noxious Bog by Vehumet.
 16899 | Orc:1    | Noticed an orc knight
 17598 | Orc:1    | Noticed an orc knight
 18001 | Orc:1    | Killed an orc knight
 18150 | Orc:2    | Entered Level 2 of the Orcish Mines
 18150 | Orc:2    | Noticed an orc high priest
 18157 | Orc:2    | Killed an orc high priest
 18417 | Orc:2    | Noticed an orc knight
 18423 | Orc:2    | Noticed an orc sorcerer
 18675 | Orc:2    | Killed an orc sorcerer
 18803 | Orc:2    | Noticed an orc knight
 18920 | Orc:2    | Found a staircase to the Elven Halls.
 18955 | Orc:2    | Found Zuzek's Distillery.
 18956 | Orc:2    | Found Natz's Magic Scroll Shoppe.
 18956 | Orc:2    | Noticed an orc knight
 18982 | Orc:2    | Reached XP level 12. HP: 72/89 MP: 11/25
 19286 | Orc:2    | Bought a potion of berserk rage for 75 gold pieces
 19286 | Orc:2    | Bought a potion of heal wounds for 75 gold pieces
 19286 | Orc:2    | Bought a potion of mutation for 120 gold pieces
 19286 | Orc:2    | Bought a potion of flight for 45 gold pieces
 19286 | Orc:2    | Bought a potion of haste for 150 gold pieces
 19286 | Orc:2    | Bought a potion of haste for 150 gold pieces
 19288 | Orc:2    | Bought a scroll of vulnerability for 48 gold pieces
 19288 | Orc:2    | Bought a scroll of teleportation for 36 gold pieces
 19288 | Orc:2    | Bought a scroll of blinking for 90 gold pieces
 19288 | Orc:2    | Bought a scroll of fog for 48 gold pieces
 19416 | Orc:2    | Noticed an orc high priest
 19422 | Orc:2    | Killed an orc high priest
 19447 | Orc:2    | Shot with a bolt by an orc warrior

Illustrated notes

Levels and vault maps discovered:
D:1:      eino_arrival_cavern_a, layout_rooms, serial_forest,
          infiniplex_forest_end_2, infiniplex_forest_straight_1,
          infiniplex_forest_clump_medium, infiniplex_forest_diagonal,
          infiniplex_forest_clump_double, infiniplex_forest_clump_tiny,
          hangedman_abyss_or_decor_lesser_grid
D:2:      layout_loops_cross, st_stairs_2
D:3:      layout_basic, grunt_ministairs_13, corner_web_ring, uniq_natasha,
          uniq_crazy_yiuf_cottage
D:4:      layout_loops_ring, lemuel_doored_altar,
          nicolae_dithmenos_the_darkroom, hellmonk_ghost_happy_afterlife,
          minmay_fountain_box
D:5:      layout_basic, vehumet_statue, gammafunk_temple_overflow_statue
D:6:      layout_loops_ring, kennysheep_mini_moat,
          minmay_temple_entry_statues_fountains, minmay_gold_behind_fungi,
          uniq_maggie, uniq_pikel, uniq_blork_the_orc
D:7:      layout_basic, mainiacjoe_overflow_24_doors, nicolae_hexahallways,
          minmay_holes, nrook_pool_corridor, minmay_misc_feat_plants,
          kennysheep_another_room, minmay_manual_mares
D:8:      kennysheep_steamy, layout_loops_corners, lair_entry_dummy,
          ploomutoo_gammafunk_ghost_potion_laboratory,
          nicolae_diode_intersection
D:9:      layout_grid_maze, enter_bailey_4
D:10:     minmay_skewed_foursquare, layout_basic, mainiacjoe_overflow_brackets,
          kennysheep_generic_room_3
D:11:     layout_loops_ring, special_room [special_room_bee], serial_shops,
          nicolae_shop_advertising_works [nicolae_subvault_shop_adworks],
          uniq_erolcha
D:12:     layout_loops_ring, kennysheep_orc_monster_closet_entryway,
          enter_trove_0, st_stairs_11
Temple:   eino_temple_lava
Orc:1:    cheibrodos_orc_arena, layout_diamond_mine
Orc:2:    pf_orc_diabolical, layout_diamond_mine, mines1_david

Skill      XL: |  1  2  3  4  5  6  7  8  9 10 11 12 |
---------------+-------------------------------------+-----
Dodging        | 2 3 4 5 6 |  6.8
Stealth        | 2 3 4 5 |  5.0
Ice Magic      | 4 5 6 7 8 9 |  9.9
Fighting       | 1 2 3 4 5 6 |  6.8
Spellcasting   | 3 4 5 6 8 9 |  9.4
Conjurations   | 1 3 5 7 8 9 |  9.0
Translocations | 1 3 |  3.7

Action                   |  1- 3 |  4- 6 |  7- 9 | 10-12 || total
-------------------------+-------+-------+-------+-------++-------
Melee: Short sword       |   133 |     3 |       |    60 ||   196
       Touch             |    32 |     4 |    12 |    41 ||    89
       Punch             |     2 |       |     1 |     2 ||     5
       Dagger            |       |    25 |    91 |   126 ||   242
       Unarmed           |       |    15 |       |       ||    15
       Whip              |       |       |     3 |     3 ||     6
       Staff             |       |       |       |    40 ||    40
 Cast: Freeze            |    27 |    26 |    26 |    11 ||    90
       Ozocubu's Armour  |       |     4 |    16 |    22 ||    42
       Frozen Ramparts   |       |     3 |    21 |    30 ||    54
       Hailstorm         |       |       |     6 |    76 ||    82
       Iskenderun's Myst |       |       |       |    28 ||    28
       Teleport Other    |       |       |       |    37 ||    37
Evoke: Wand              |       |       |       |     3 ||     3
  Use: Scroll            |       |     3 |     9 |     6 ||    18
       Potion            |       |       |     2 |     1 ||     3
 Stab: Sleeping          |     4 |     5 |     9 |     8 ||    26
       Distracted        |       |       |     2 |     2 ||     4
Armor: Robe              |    14 |     9 |     9 |    26 ||    58
       Skin              |       |     1 |     5 |       ||     6
       Steam dragon scal |       |       |    28 |    33 ||    61
Dodge: Dodged            |    42 |    35 |    76 |   232 ||   385
